 Dungeon Crawl Stone Soup version 0.28-b1 (webtiles) character file.

Game seed: 10663528980140309855

380 H0rd4k the Magician (level 6, 0/34 HPs)
             Began as a Deep Elf Hedge Wizard on Jan 26, 2022.
             Slain by Natasha (8 damage)
             ... on level 3 of the Dungeon.
             The game lasted 00:04:58 (4115 turns).

H0rd4k the Magician (Deep Elf Hedge Wizard)         Turns: 4115, Time: 00:04:59

Health: 0/34       AC:  2    Str:  7    XL:     6   Next: 46%
Magic:  12/18      EV: 13    Int: 21    God:
Gold:   170        SH:  0    Dex: 14    Spells: 18/19 levels left

rFire   . . .      SeeInvis .   d - +1 dagger (venom)
rCold   . . .      Faith    .   (no shield)
rNeg    . . .      Spirit   .   b - +0 robe
rPois   .          Reflect  .   c - +0 hat
rElec   .          Harm     .   (no cloak)
rCorr   .          Rampage  .   (no gloves)
Will    .....                   (no boots)
Stlth   +++.......              (no amulet)
HPRegen 0.11/turn               (no ring)
MPRegen 0.16/turn               (no ring)

@: about to teleport, attractive, flying, slowed, very slow
A: no striking features
a: no special abilities


You were on level 3 of the Dungeon.
You visited 1 branch of the dungeon, and saw 3 of its levels.

You collected 170 gold pieces.

Inventory:

Hand Weapons
 d - a +1 dagger of venom (weapon)
Missiles
 j - 5 poisoned darts
Armour
 b - a +0 robe (worn)
 c - a +0 hat (worn)
Scrolls
 a - a scroll of noise {unknown}
 e - a scroll of teleportation
 h - a scroll of amnesia {unknown}
 i - a scroll of immolation {unknown}
Potions
 k - a potion of curing


   Skills:
 + Level 1.0 Fighting
 + Level 1.5(1.8) Short Blades
 + Level 1.1(1.4) Long Blades
 + Level 1.0(1.8) Axes
 + Level 1.6(2.0) Maces & Flails
 + Level 0.9(1.3) Polearms
 + Level 1.2(2.2) Staves
 + Level 1.0(1.2) Slings
 + Level 2.9 Bows
 + Level 1.1 Crossbows
 + Level 1.2(1.5) Throwing
 + Level 1.0 Armour
 + Level 3.9 Dodging
 + Level 4.0 Stealth
 + Level 2.0 Shields
 + Level 1.0 Unarmed Combat
 + Level 7.3 Spellcasting
 + Level 3.9 Conjurations
 + Level 3.1 Hexes
 + Level 2.0 Summonings
 + Level 1.5 Necromancy
 + Level 4.0 Translocations
 + Level 1.4 Transmutations
 + Level 2.5 Fire Magic
 + Level 1.4 Ice Magic
 + Level 3.1 Air Magic
 + Level 2.5 Earth Magic
 + Level 1.4 Poison Magic
 + Level 1.4 Invocations
 + Level 3.1 Evocations


You had 18 spell levels left.
You knew the following spells:

 Your Spells              Type           Power      Damage    Failure   Level
a - Magic Dart            Conj           96%        1d7       1%          1

Your spell library contained the following spells:

 Spells                   Type           Power      Damage    Failure   Level
 Slow                     Hex            80%        N/A       2%          1
 Blink                    Tloc           48%        N/A       2%          2
 Call Imp                 Summ           16%        N/A       5%          2
 Conjure Flame            Conj/Fire      21%        6-21      7%          3
 Mephitic Cloud           Conj/Pois/Air  19%        N/A       9%          3


Dungeon Overview and Level Annotations

Branches:
Dungeon (3/15)

Altars:
Hepliaklqana
Qazlal
Yredelemnul

Annotations:
D:2 exclusion: 2 downstairs
D:3 1 runed translucent door, Natasha; Tinylith's ghost, amateur MiBe


Message History

It was a potion of experience.
You feel more experienced!
Your Fighting skill increases to level 1!
Your Short Blades skill increases to level 1!
Your Long Blades skill increases to level 1!
Your Axes skill increases to level 1!
Your base Maces & Flails skill increases to level 1!
Your base Staves skill increases to level 1!
Your Slings skill increases to level 1!
Your Bows skill gained 2 levels and is now at level 2!
Your Crossbows skill increases to level 1!
Your Throwing skill increases to level 1!
Your Armour skill increases to level 1!
Your Stealth skill increases to level 4!
Your Shields skill gained 2 levels and is now at level 2!
Your Unarmed Combat skill increases to level 1!
Your Conjurations skill increases to level 3!
Your Hexes skill gained 3 levels and is now at level 3!
Your Summonings skill increases to level 2!
Your Necromancy skill increases to level 1!
Your Translocations skill gained 3 levels and is now at level 4!
Your Transmutations skill increases to level 1!
Your Fire Magic skill gained 2 levels and is now at level 2!
Your Ice Magic skill increases to level 1!
Your Air Magic skill gained 3 levels and is now at level 3!
Your Earth Magic skill gained 2 levels and is now at level 2!
Your Poison Magic skill increases to level 1!
Your Invocations skill increases to level 1!
Your Evocations skill gained 3 levels and is now at level 3!
You have reached level 6!
Natasha closely misses you.
It was a potion of flight.
You feel very buoyant.
You fly up into the air.
Natasha closely misses you. x2
As you read the scroll labelled GUSKYIMOMA, it crumbles to dust.
You feel strangely unstable.
It was a scroll of teleportation.
Natasha claws you.
* * * LOW HITPOINT WARNING * * *
Natasha claws you!
You die...

#.. ##..#.##≈#)#
#..
#..#.##≈#.###
#..
._.#.....#)#....
#..
...#.....#≈#####
..##.##..####
..#.#...#
#.#.#...#
#h#.#.###
#@#'#.# #.....#
#######


You could see Natasha.

Vanquished Creatures
  A jelly (D:3)
  An iguana (D:2)
  A hound zombie (D:3)
  3 adders
  A gnoll (D:3)
  An adder zombie (D:3)
  4 dart slugs
  5 endoplasms
  7 goblins
  6 hobgoblins
  4 jackals (D:2)
  9 kobolds
  6 quokkas
  6 ball pythons
  A ball python zombie (D:3)
  11 bats
  7 frilled lizards
  A quokka zombie (D:3)
  5 rats
  2 bushes (D:2)
82 creatures vanquished.

Vanquished Creatures (others)
  17 plants (D:2)
17 creatures vanquished.

Grand Total: 99 creatures vanquished

Notes
Turn   | Place    | Note
-------+----------+-------------------------------------------
     0 | D:1      | H0rd4k the Deep Elf Hedge Wizard began the quest for the
                  | Orb.
     0 | D:1      | Reached XP level 1. HP: 10/10 MP: 7/7
   364 | D:1      | Reached XP level 2. HP: 15/15 MP: 2/9
   687 | D:1      | Reached skill level 5 in Spellcasting
  1251 | D:1      | Reached XP level 3. HP: 19/19 MP: 9/11
  1933 | D:2      | Reached skill level 6 in Spellcasting
  2046 | D:2      | Reached XP level 4. HP: 20/24 MP: 3/14
  2382 | D:2      | Found a faded altar of an unknown god.
  3349 | D:3      | Reached XP level 5. HP: 28/28 MP: 10/16
  3715 | D:3      | Found a basalt altar of Yredelemnul.
  3828 | D:3      | Found a hazy altar of Hepliaklqana.
  3868 | D:3      | Reached skill level 7 in Spellcasting
  4043 | D:3      | Found a runed translucent door.
  4043 | D:3      | Identified the +8 whip "Xeut" {antimagic, rElec rF+}
  4047 | D:3      | Noticed Tinylith's ghost (amateur MiBe)
  4099 | D:3      | Found a stormy altar of Qazlal.
  4103 | D:3      | Noticed Natasha
  4112 | D:3      | Reached skill level 1 in Fighting
  4112 | D:3      | Reached skill level 1 in Short Blades
  4112 | D:3      | Reached skill level 1 in Long Blades
  4112 | D:3      | Reached skill level 1 in Axes
  4112 | D:3      | Reached skill level 1 in Maces & Flails
  4112 | D:3      | Reached skill level 1 in Staves
  4112 | D:3      | Reached skill level 1 in Slings
  4112 | D:3      | Reached skill level 1 in Crossbows
  4112 | D:3      | Reached skill level 1 in Throwing
  4112 | D:3      | Reached skill level 1 in Armour
  4112 | D:3      | Reached skill level 1 in Unarmed Combat
  4112 | D:3      | Reached skill level 1 in Necromancy
  4112 | D:3      | Reached skill level 1 in Transmutations
  4112 | D:3      | Reached skill level 1 in Ice Magic
  4112 | D:3      | Reached skill level 1 in Poison Magic
  4112 | D:3      | Reached skill level 1 in Invocations
  4112 | D:3      | Reached XP level 6. HP: 12/34 MP: 11/18
  4115 | D:3      | Slain by Natasha

Illustrated notes

Levels and vault maps discovered:
D:1:      ebering_trefoil_3fold, layout_rooms, hangedman_decor_diamond_cutter,
          minmay_vboxes
D:2:      layout_loops_ring, dreamdust_ecumenical_altar_grove, kennysheep_donut,
          lexackson_kobold_supper
D:3:      layout_rooms, mainiacjoe_overflow_surrounded_room,
          worldfamousw_hep_ancestral_shrine, nicolae_yredelemnul_corpse_copse,
          amethyst_overflow_temple_binary, serial_rivers,
          chequers_serial_rivers_small_3, chequers_serial_rivers_small_a,
          chequers_serial_rivers_marsh, chequers_serial_rivers_room_a,
          chequers_serial_rivers_micro_a, ebering_ghost_sewer_d,
          kennysheep_generic_room_11, uniq_natasha

Skill      XL: |  1  2  3  4  5 |
---------------+----------------+-----
Spellcasting   | 5 6 7 |  7.3
Conjurations   | 2 3 |  3.9
Stealth        | 3 4 |  4.0
Dodging        | 3 |  3.9
Fighting       | 1 |  1.0
Short Blades   | 1 |  1.5
Long Blades    | 1 |  1.1
Axes           | 1 |  1.0
Maces & Flails | 1 |  1.6
Staves         | 1 |  1.2
Slings         | 1 |  1.0
Bows           | 2 |  2.9
Crossbows      | 1 |  1.1
Throwing       | 1 |  1.2
Armour         | 1 |  1.0
Shields        | 2 |  2.0
Unarmed Combat | 1 |  1.0
Hexes          | 3 |  3.1
Summonings     | 2 |  2.0
Necromancy     | 1 |  1.5
Translocations | 4 |  4.0
Transmutations | 1 |  1.4
Fire Magic     | 2 |  2.5
Ice Magic      | 1 |  1.4
Air Magic      | 3 |  3.1
Earth Magic    | 2 |  2.5
Poison Magic   | 1 |  1.4
Invocations    | 1 |  1.4
Evocations     | 3 |  3.1
Polearms       | |  0.9

Action                   |  1- 3 |  4- 6 || total
-------------------------+-------+-------++-------
Melee: Dagger            |     8 |    81 ||    89
       Punch             |       |     5 ||     5
 Cast: Magic Dart        |   107 |   108 ||   215
  Use: Potion            |       |     3 ||     3
       Scroll            |       |     1 ||     1
Armor: Robe              |     7 |     3 ||    10
Dodge: Dodged            |    21 |    17 ||    38
